 Dungeon Crawl Stone Soup version 0.29.1-15-g9cfb28693d (webtiles) character file.

Game seed: 16658732500293671626

41 devnull the Poker (level 3, 0/27 HPs)
             Began as a Merfolk Gladiator on Mar 7, 2023.
             Succumbed to an orc's poison
             ... on level 2 of the Dungeon.
             The game lasted 00:02:04 (925 turns).

devnull the Poker (Merfolk Gladiator)                Turns: 925, Time: 00:02:05

Health: 0/27       AC:  4    Str: 16    XL:     3   Next: 52%
Magic:  3/3        EV: 13    Int:  7    God:
Gold:   93         SH:  0    Dex: 15    Spells: 2/2 levels left

rFire   . . .      SeeInvis .   a - +0 trident
rCold   . . .      Faith    .   (no shield)
rNeg    . . .      Spirit   .   b - +0 leather armour
rPois   .          Reflect  .   c - +0 helmet
rElec   .          Harm     .   (no cloak)
rCorr   .          Rampage  .   (no gloves)
Will    .....                   (no boots)
Stlth   +.........              (no amulet)
HPRegen 0.09/turn               (no ring)
MPRegen 0.08/turn               (no ring)

@: lethally poisoned (0 -> -5), invisible
A: (nimble swimmer 2), mertail
a: no special abilities


You were on level 2 of the Dungeon.
You visited 1 branch of the dungeon, and saw 2 of its levels.

You collected 93 gold pieces.

Inventory:

Hand Weapons
 a - a +0 trident (weapon)
Missiles
 d - 3 throwing nets
 e - a javelin
 h - 11 poisoned darts (quivered)
Armour
 b - a +0 leather armour (worn)
 c - a +0 helmet (worn)
Scrolls
 g - a scroll of poison {unknown}
 i - a scroll of blinking {unknown}
 j - a scroll of magic mapping {unknown}
 k - a scroll of enchant armour {unknown}
 l - 2 scrolls of identify {unknown}
 o - a scroll of teleportation {unknown}


   Skills:
 - Level 2.1 Fighting
 + Level 5.9 Polearms
 - Level 2.0 Throwing
 - Level 4.0 Dodging


You had 2 spell levels left.
You didn't know any spells.
Your spell library contained the following spells:

 Spells                   Type           Power      Damage    Failure   Level
 Malign Gateway           Summ/Tloc      0%         N/A       100%        7
 Summon Horrible Things   Summ           0%         N/A       100%        8


Dungeon Overview and Level Annotations

Branches:
Dungeon (2/15)

Altars:


Innate Abilities, Weirdness & Mutations

((You are very nimble when in or above water. (Stealth+, EV+, Speed+++)))
Your lower body shifts to a powerful aquatic tail in water.


Message History

You are confused.
The orc barely misses you.
You are too confused!
You bump into the rock wall.
You feel sick. Something barely misses you.
The orc hits you from afar with a +2 trident of venom.
You are more poisoned.
You feel sick.
You bump into the rock wall.
You feel sick. Something hits you but does no damage.
The orc hits you from afar with a +2 trident of venom.
* * * LOW HITPOINT WARNING * * *
It was a potion of heal wounds.
You feel much better.
You feel sick.
You hear some strange, mumbled words.
Something tries to affect you, but you resist.
The orc hits you from afar with a +2 trident of venom.
You are more poisoned.
You bump into the rock wall.
You feel very sick. Something hits you.
The orc hits you from afar with a +2 trident of venom.
You are lethally poisoned!
It was a potion of invisibility.
You fade into invisibility!
* * * LOW HITPOINT WARNING * * *
You feel very sick. Something barely misses you. The orc barely misses you.
It was a potion of curing.
You feel better. Something hits you but does no damage.
The orc hits you from afar with a +2 trident of venom.
* * * LOW HITPOINT WARNING * * *
You are lethally poisoned!
* * * LOW HITPOINT WARNING * * *
You feel very sick.
You aren't carrying any potions.
Unknown command.
* * * LOW HITPOINT WARNING * * *
You feel sick.
* * * LOW HITPOINT WARNING * * *
You feel sick.
You die...

....{....# #.# #.#.#
.##......# #.# #.#.#
#...o..# #.#########.#†#
#......# #.#.........#.#
######.#####.#.#########.#
#....)......# #.#
###########o#.#.# #.#
#......# #.#.#.#######.#
#.####.####..@..........#
#.#.....[......<#########
#.#.#...........#
#.#.###########.# #.#....#
#.# #.####.########.# #.#
#..........# #.#
############ #.#


There were no monsters in sight!

Vanquished Creatures
  A gnoll (D:2)
  An orc (D:2)
  3 ball pythons (D:1)
  2 endoplasms (D:1)
  A giant cockroach (D:1)
  4 goblins
  2 hobgoblins (D:1)
  3 bats
  2 frilled lizards
  4 kobolds (D:1)
  5 rats (D:1)
28 creatures vanquished.

Notes
Turn   | Place    | Note
-------+----------+-------------------------------------------
     0 | D:1      | devnull the Merfolk Gladiator began the quest for the Orb.
     0 | D:1      | Reached XP level 1. HP: 16/16 MP: 1/1
    56 | D:1      | Reached XP level 2. HP: 21/22 MP: 2/2
    95 | D:1      | Reached skill level 5 in Polearms
   383 | D:1      | Reached XP level 3. HP: 27/27 MP: 3/3
   682 | D:2      | Identified the +1 rapier of Zaalyxil {vorpal, *Rage +Blink
                  | rCorr}
   925 | D:2      | Succumbed to an orc's poison

Illustrated notes

Levels and vault maps discovered:
D:1:      matt_arrival_diagonals, layout_rooms
D:2:      layout_basic

Skill      XL: |  1  2 |
---------------+-------+-----
Polearms       | 5 |  5.9
Fighting       | |  2.1
Throwing       | |  2.0
Dodging        | |  4.0

Action                   || total
-------------------------++-------
Melee: Trident           ||    79
  Use: Potion            ||     3
 Stab: Sleeping          ||     1
Armor: Leather armour    ||    18
Dodge: Dodged            ||    37
